 Dungeon Crawl Stone Soup version 0.20.1-1-g8b1a95d (webtiles) character file.

5261 equalderp2856 the Cleaver (level 10, -1/88 HPs)
             Began as a Minotaur Fighter on Aug 13, 2017.
             Slain by a porcupine (9 damage)
             ... on level 1 of the Lair of Beasts.
             The game lasted 00:25:28 (10960 turns).

equalderp2856 the Cleaver (Minotaur Fighter)       Turns: 10960, Time: 00:25:29

Health: -1/88      AC: 12    Str: 22    XL:     10   Next: 36%
Magic:  10/10      EV: 10    Int:  5    God:
Gold:   310        SH: 12    Dex: 12    Spells: 9/9 levels left

rFire    . . .     SeeInvis .   a - +0 war axe
rCold    . . .     Gourm    .   P - +1 shield {AC+3}
rNeg     . . .     Faith    .   b - +0 scale mail
rPois    .         Spirit   .   (helmet restricted)
rElec    .         Reflect  .   A - scarf {cloud immunity}
rCorr    .         Harm     .   (no gloves)
MR       .....                  I - +0 pair of boots
Stlth    +.........             (no amulet)
Regen    0.3/turn               (no ring)
MPRegen  0.2/turn               (no ring)

@: no status effects
A: retaliatory headbutt, horns 2
a: no special abilities


You were on level 1 of the Lair of Beasts.
You were very hungry.

You visited 2 branches of the dungeon, and saw 11 of its levels.
You also visited: Labyrinth.

You collected 406 gold pieces.
You spent 96 gold pieces at shops.

Inventory:

Hand Weapons
 a - a +0 war axe (weapon)
 z - a +0 hunting sling
 H - a +2 rapier of flaming
 V - a +3 hand crossbow
 X - a +0 hunting sling of flaming
 Y - a +0 trident
Missiles
 v - 107 bolts
Armour
 b - a +0 scale mail (worn)
 A - a scarf of cloud immunity (worn)
 E - a +3 plate armour of poison resistance
 G - a +0 robe
 I - a +0 pair of boots (worn)
 J - a +2 scale mail of cold resistance
 O - a +0 buckler of protection
 P - a +1 shield of protection (worn)
 W - a +0 leather armour
Magical Staves
 U - a cursed staff of summoning {unknown}
Jewellery
 d - an uncursed ring of poison resistance {unknown}
 t - an uncursed amulet of magic regeneration {unknown}
 y - an uncursed amulet of the gourmand {unknown}
 B - an uncursed ring of see invisible {unknown}
 F - an uncursed amulet of regeneration {unknown}
 L - an uncursed amulet of faith {unknown}
 R - a +4 ring of protection {unknown}
 S - an uncursed ring of protection from magic {unknown}
Wands
 c - a wand of confusion (12/48)
 Z - a wand of lightning (1/15)
Scrolls
 e - 7 scrolls of remove curse
 h - 2 scrolls of recharging {unknown}
 j - 7 scrolls of identify
 n - 6 scrolls of teleportation
 p - 3 scrolls of fear {unknown}
 r - 4 scrolls of blinking {unknown}
 C - a scroll of noise {unknown}
 M - a scroll of enchant weapon {unknown}
 T - a scroll of brand weapon {unknown}
Potions
 i - 2 potions of agility {unknown}
 k - 3 potions of mutation
 l - 2 potions of lignification {unknown}
 m - 4 potions of haste
 q - a potion of heal wounds
 s - a potion of ambrosia {unknown}
 u - a potion of degeneration {unknown}
 D - a potion of flight {unknown}
 K - 2 potions of curing
 N - a potion of berserk rage {unknown}
 Q - a potion of resistance {unknown}
Books
 g - the Incunabulum of Mutagenic Flames
   (You found it in a labyrinth)

   Spells                             Type                      Level
   a - Beastly Appendage              Transmutation                1
   b - Throw Flame                    Conjuration/Fire             2
   c - Passwall                       Transmutation/Earth          2
   d - Spider Form                    Transmutation/Poison         3
   e - Irradiate                      Conjuration/Transmutation    5
   f - Ring of Flames                 Charms/Fire                  7
 w - a book of Conjurations

   Spells                             Type                      Level
   a - Magic Dart                     Conjuration                  1
   b - Searing Ray                    Conjuration                  2
   c - Dazzling Spray                 Conjuration/Hexes            3
   d - Fulminant Prism                Conjuration/Hexes            4
   e - Force Lance                    Conjuration/Translocation    4
   f - Iskenderun's Mystic Blast      Conjuration                  4
 x - a book of the Tempests

   Spells                             Type                      Level
   a - Static Discharge               Conjuration/Air              3
   b - Lightning Bolt                 Conjuration/Air              5
   c - Ignition                       Fire                         8
   d - Tornado                        Air                          9
   e - Shatter                        Earth                        9
Comestibles
 f - 6 bread rations
 o - 2 meat rations


   Skills:
 + Level 8.0 Fighting
 + Level 11.0 Axes
 + Level 8.8 Armour
 + Level 3.9 Dodging
 + Level 4.0 Stealth
 + Level 7.9 Shields
 + Level 1.5 Evocations


You had 9 spell levels left.
You didn't know any spells.

Dungeon Overview and Level Annotations

Branches:
Dungeon (9/15)             Temple (0/1) D:7            Lair (2/6) D:8
  Swamp: Lair:2-4    Shoals: Lair:2-4     Snake: Lair:2-4    Spider: Lair:2-4
    Orc: D:9-12

Altars:
Ashenzari
Cheibriados
Elyvilon
Nemelex Xobeh
Yredelemnul
The Shining One

Shops:
D:8 ?!}(

Annotations:
D:5 Grinder
Lair:1 Greyaxe's ghost, journeyman MiFi
Lair:2 bosm's ghost, journeyman KoHu; vomix's ghost, journeyman MiBe


Innate Abilities, Weirdness & Mutations

You reflexively headbutt those who attack you in melee.
You have a pair of horns on your head.


Message History

You climb upwards.
Level annotation: Greyaxe's ghost, journeyman MiFi
There is a stone staircase leading down here.
You hit the porcupine.
The porcupine is moderately wounded.
You block the porcupine's attack.
You are struck by the porcupine's spines.
* * * LOW HITPOINT WARNING * * *
You hit the porcupine.
The porcupine is severely wounded.
The porcupine bites you!
* * * LOW HITPOINT WARNING * * *
You completely miss the porcupine.
The porcupine is severely wounded.
The porcupine bites you!
* * * LOW HITPOINT WARNING * * *
You closely miss the porcupine. You headbutt the porcupine.
The porcupine is almost dead.
The porcupine bites you!
You die...

.. ..♣. .
... .♣...
.... .
##..# ...
##...##....
#..r.......
♣.@.♣
#......#
##..♣.##
#.## ## ##


You could see a porcupine.

Vanquished Creatures
  A minotaur (Lab)
  A two-headed ogre (D:8)
  A black mamba (Lair:2)
  A spiny frog (Lair:1)
  2 shadows (Lab)
  4 hungry ghosts (Lab)
  4 porcupines
  2 water moccasins
  A sky beast (D:8)
  A phantom (D:5)
  An orc warrior (D:8)
  An ice beast (D:5)
  2 centaurs
  A crocodile (Lair:2)
  4 bullfrogs
  A wyvern zombie (D:8)
  3 scorpions
  3 killer bees (D:6)
  A bullfrog zombie (D:5)
  2 crimson imps
  3 hounds
  An orc priest (D:3)
  A centaur skeleton (D:5)
  3 orc wizards
  6 worker ants
  A hound zombie (D:7)
  A hound skeleton (D:7)
  A howler monkey zombie (D:8)
  8 adders
  A howler monkey skeleton (D:4)
  An adder skeleton (D:5)
  3 worms
  A dart slug (D:1)
  4 leopard geckos
  22 orcs
  A ball python (D:2)
  3 bats
  4 giant cockroaches
  11 goblins
  10 hobgoblins
  9 jackals
  8 kobolds
  3 quokkas
  7 frilled lizards
  A leopard gecko skeleton (D:6)
  A quokka zombie (D:8)
  5 rats
157 creatures vanquished.

Vanquished Creatures (others)
  A fungus (Lair:2)
  A plant (Lair:2)
2 creatures vanquished.

Grand Total: 159 creatures vanquished

Notes
Turn   | Place    | Note
-------+----------+-------------------------------------------
     0 | D:1      | equalderp2856 the Minotaur Fighter began the quest for the Orb.
     0 | D:1      | Reached XP level 1. HP: 19/19 MP: 0/0
    47 | D:1      | Reached XP level 2. HP: 22/27 MP: 1/1
   560 | D:1      | Reached XP level 3. HP: 27/33 MP: 2/2
   880 | D:2      | Reached skill level 3 in Axes
  2162 | D:2      | Reached XP level 4. HP: 29/41 MP: 3/3
  2531 | D:3      | Reached skill level 1 in Dodging
  2600 | D:3      | Reached skill level 4 in Axes
  2727 | D:3      | Found a white marble altar of Elyvilon.
  2802 | D:3      | Reached XP level 5. HP: 45/47 MP: 4/4
  3066 | D:3      | Found a basalt altar of Yredelemnul.
  3370 | D:4      | Reached skill level 5 in Axes
  3491 | D:4      | Reached XP level 6. HP: 43/55 MP: 5/5
  3554 | D:4      | Reached skill level 5 in Fighting
  3554 | D:4      | Reached skill level 5 in Shields
  4244 | D:5      | Entered Level 5 of the Dungeon
  4449 | D:5      | Reached skill level 6 in Axes
  4610 | D:5      | Noticed an ice beast
  4616 | D:5      | Killed an ice beast
  4616 | D:5      | Reached XP level 7. HP: 50/61 MP: 6/6
  4668 | D:5      | Noticed Grinder
  4669 | D:5      | Paralysed by Grinder for 7 turns
  4997 | D:6      | Found a glowing golden altar of the Shining One.
  5047 | D:6      | Reached skill level 7 in Axes
  5250 | D:6      | Reached skill level 5 in Armour
  6271 | D:7      | Found a sparkling altar of Nemelex Xobeh.
  6271 | D:7      | Found a shattered altar of Ashenzari.
  6272 | D:7      | Found a snail-covered altar of Cheibriados.
  6558 | D:7      | Reached XP level 8. HP: 70/70 MP: 7/7
  6581 | D:7      | Found a staircase to the Ecumenical Temple.
  6716 | D:8      | Reached skill level 8 in Axes
  6716 | D:8      | Reached skill level 1 in Stealth
  6740 | D:8      | Found Gug Gif's Magic Scroll Shoppe.
  6947 | D:8      | Found Noiluh's Gadget Shop.
  7149 | D:8      | Reached skill level 9 in Axes
  7451 | D:8      | Found Petyh's Antique Weapon Emporium.
  7526 | D:8      | Found a staircase to the Lair.
  7533 | D:8      | Noticed a two-headed ogre
  7923 | D:8      | Killed a two-headed ogre
  7923 | D:8      | Reached skill level 1 in Evocations
  7923 | D:8      | Reached XP level 9. HP: 50/78 MP: 8/8
  8286 | D:8      | Found Poizxec's Distillery.
  8297 | D:8      | Bought a potion of mutation for 96 gold pieces
  8321 | Lair:1   | Entered Level 1 of the Lair of Beasts
  8349 | Lair:1   | Noticed a spiny frog
  8360 | Lair:1   | Killed a spiny frog
  8370 | Lair:1   | Noticed Greyaxe's ghost (journeyman MiFi)
  8395 | Lair:2   | Found a labyrinth entrance.
  8405 | Lair:2   | Reached skill level 10 in Axes
  8431 | Lair:2   | Noticed vomix's ghost (journeyman MiBe)
  8432 | Lab      | Entered a labyrinth
 10165 | Lab      | Noticed a minotaur
 10177 | Lab      | Killed a minotaur
 10177 | Lab      | Reached XP level 10. HP: 28/88 MP: 10/10
 10180 | Lab      | Identified the Incunabulum of Mutagenic Flames
 10433 | Lair:2   | Noticed a black mamba
 10449 | Lair:2   | Killed a black mamba
 10581 | Lair:2   | Noticed a five-headed hydra
 10650 | Lair:2   | Noticed bosm's ghost (journeyman KoHu)
 10697 | Lair:2   | Reached skill level 11 in Axes
 10960 | Lair:1   | Slain by a porcupine

Skill      XL: |  1  2  3  4  5  6  7  8  9 10 |
---------------+-------------------------------+-----
Shields        | 4 5 6 7 |  7.9
Fighting       | 4 5 6 7 8 |  8.0
Axes           | 3 4 5 6 7 9 10 11 | 11.0
Armour         | 4 5 6 8 |  8.8
Dodging        | 1 2 3 |  3.9
Stealth        | 2 3 4 |  4.0
Evocations     | 1 |  1.5

Action                   |  1- 3 |  4- 6 |  7- 9 | 10-12 || total
-------------------------+-------+-------+-------+-------++-------
Melee: War axe           |    91 |   139 |   262 |    44 ||   536
       Headbutt          |     8 |    24 |    51 |    12 ||    95
Evoke: Wand              |       |       |     8 |       ||     8
  Use: Scroll            |       |       |     5 |       ||     5
       Potion            |       |       |     5 |       ||     5
 Stab: Paralysed         |       |       |     7 |       ||     7
  Eat: Chunk             |     2 |    10 |     6 |     1 ||    19
       Fruit             |       |       |     8 |       ||     8
       Meat ration       |       |       |     2 |       ||     2
       Royal jelly       |       |       |     1 |       ||     1
Armor: Scale mail        |    32 |    52 |   111 |    12 ||   207
Dodge: Dodged            |    27 |    40 |    68 |     9 ||   144
Block: Shield            |    55 |    80 |   134 |    32 ||   301
